 Dungeon Crawl Stone Soup version 0.22-a0-469-gf26638a (webtiles) character file.

186 Darkshadow the Chopper (level 5, -1/48 HPs)
             Began as a Minotaur Berserker on June 11, 2018.
             Was a Priest of Trog.
             Succumbed to Sigmund's poison
             ... on level 2 of the Dungeon.
             The game lasted 00:29:31 (2411 turns).

Darkshadow the Chopper (Minotaur Berserker)         Turns: 2411, Time: 00:29:31

Health: -1/48      AC:  9    Str: 23    XL:     5   Next: 38%
Magic:  4/4        EV:  8    Int:  4    God:    Trog [***...]
Gold:   145        SH:  0    Dex:  9    Spells: 4/4 levels left

rFire    . . .     SeeInvis .   a - +0 hand axe
rCold    . . .     Gourm    .   (no shield)
rNeg     . . .     Faith    .   l - +0 chain mail
rPois    .         Spirit   .   (helmet restricted)
rElec    .         Reflect  .   (no cloak)
rCorr    .         Harm     .   (no gloves)
MR       .....                  (no boots)
Stlth    ..........             (no amulet)
HPRegen  0.16/turn              (no ring)
MPRegen  0.09/turn              (no ring)

@: lethally poisoned (-1 -> -12)
A: retaliatory headbutt, horns 2
a: Berserk, Trog's Hand, Renounce Religion


You were on level 2 of the Dungeon.
You worshipped Trog.
Trog was most pleased with you.
You were not hungry.

You visited 1 branch of the dungeon, and saw 3 of its levels.

You collected 145 gold pieces.

Inventory:

Hand Weapons
 a - a +0 hand axe (weapon)
 e - a +0 hunting sling
Missiles
 g - 69 bolts
 n - 3 large rocks (quivered)
 s - 13 poisoned needles
Armour
 b - a +0 animal skin
 j - a +0 robe
 l - a +0 chain mail (worn)
Jewellery
 d - a cursed -2 ring of dexterity {unknown}
Scrolls
 h - 5 scrolls of identify {unknown}
 k - 4 scrolls of enchant weapon {unknown}
 m - a scroll of remove curse {unknown}
 o - a scroll of blinking {unknown}
 t - a scroll of amnesia {unknown}
 u - a scroll of fear {unknown}
Potions
 f - a potion of might {unknown}
 i - a potion of mutation {unknown}
 p - 2 potions of degeneration {unknown}
 q - a potion of berserk rage {unknown}
 r - a potion of flight {unknown}
Comestibles
 c - 4 rations


   Skills:
 + Level 5.2 Fighting
 + Level 5.9 Axes
 + Level 3.2 Armour
 - Level 2.2 Dodging


You had 4 spell levels left.
You didn't know any spells.
Your spell library was empty.

Dungeon Overview and Level Annotations

Branches:
Dungeon (3/15)

Altars:
Ashenzari
Gozag
Sif Muna
Uskayaw
Xom

Annotations:
D:3 Sigmund


Innate Abilities, Weirdness & Mutations

You reflexively headbutt those who attack you in melee.
You have a pair of horns on your head.


Message History

You feel sick.
You feel sick.
You feel sick.
You feel sick. The goblin hits you but does no damage.
Something hits you but does no damage.
You are lethally poisoned!
* * * LOW HITPOINT WARNING * * *
You feel sick.
* * * LOW HITPOINT WARNING * * *
You feel sick.
There is an escape hatch in the ceiling here.
* * * LOW HITPOINT WARNING * * *
You feel sick. The goblin barely misses you. You furiously retaliate!
You headbutt the goblin!
You kill the goblin!
Trog accepts your kill. Something hits you!
* * * LOW HITPOINT WARNING * * *
A mysterious force pulls you upwards. The hatch slams shut behind you.
You die...

##.#.####<#######.# #.#
..................# #.#
.####....########## #.#
.#((#....# #.#
.#..#._..# #.#
.#..#....# #.#
.####....####### #.#
....)..........#######.#
#.#.###..#####..@......#
#..## #.## ###########
#.## #.# .## #.# .# #.#
.# #.# .# #.# .# #.#
.######.#


There were no monsters in sight!

Vanquished Creatures
  2 howler monkeys (D:2)
  3 adders (D:3)
  2 oozes (D:1)
  A worm (D:2)
  A dart slug (D:1)
  2 leopard geckos
  9 bats
  4 giant cockroaches
  13 goblins
  8 hobgoblins
  3 jackals (D:1)
  3 kobolds
  4 ball pythons
  2 frilled lizards (D:2)
  7 rats
64 creatures vanquished.

Vanquished Creatures (others)
  A dart slug (D:1)
  A leopard gecko (D:1)
2 creatures vanquished.

Grand Total: 66 creatures vanquished

Notes
Turn   | Place    | Note
-------+----------+-------------------------------------------
     0 | D:1      | Darkshadow the Minotaur Berserker began the quest for the Orb.
     0 | D:1      | Reached XP level 1. HP: 19/19 MP: 0/0
   146 | D:1      | Reached XP level 2. HP: 27/27 MP: 1/1
   231 | D:1      | Reached ** piety under Trog
   495 | D:1      | Reached XP level 3. HP: 34/34 MP: 2/2
  1401 | D:2      | Noticed a dagger
  1401 | D:2      | Noticed a hand axe
  1404 | D:2      | Found a hide-covered altar of Uskayaw.
  1690 | D:2      | Reached skill level 5 in Axes
  1690 | D:2      | Reached XP level 4. HP: 39/41 MP: 3/3
  1907 | D:2      | Reached skill level 5 in Fighting
  1907 | D:2      | Reached XP level 5. HP: 41/48 MP: 4/4
  2203 | D:3      | Found a shimmering altar of Xom.
  2217 | D:3      | Found a hide-covered altar of Uskayaw.
  2217 | D:3      | Found a stormy altar of Qazlal.
  2219 | D:3      | Found an opulent altar of Gozag.
  2219 | D:3      | Found a deep blue altar of Sif Muna.
  2219 | D:3      | Found a bloodstained altar of Trog.
  2329 | D:3      | Reached *** piety under Trog
  2336 | D:3      | Found a shattered altar of Ashenzari.
  2356 | D:3      | Noticed Sigmund
  2410 | D:3      | HP: 1/48 [something (8)]
  2411 | D:2      | Succumbed to Sigmund's poison

Vault maps used:
D:1:      erik_arrival_cave_to_civilisation, lemuel_flame_loot_1
D:2:      dancing_weapons_uskayaw, first_ration
D:3:      doesnt_xom_only_xom, ashenzari_altar_1, uniq_sigmund, uniq_robin,
          uniq_purgy

Skill      XL: |  1  2  3  4 |
---------------+-------------+-----
Fighting       | 4 5 |  5.2
Axes           | 4 5 |  5.9
Armour         | 3 |  3.2
Dodging        | |  2.2

Action                   |  1- 3 |  4- 6 || total
-------------------------+-------+-------++-------
Melee: Hand axe          |    74 |    52 ||   126
       Headbutt          |    13 |     5 ||    18
  Eat: Ration            |     1 |       ||     1
       Chunk             |       |     1 ||     1
Armor: Animal skin       |    14 |       ||    14
       Chain mail        |     4 |    41 ||    45
Dodge: Dodged            |    60 |    24 ||    84

Table legend:
 A = Spawn XP
 B = Non-spawn XP
 C = Spawn XP percentage of total XP
 D = Spawn monster count
 E = Non-spawn monster count
 F = Spawn count percentage of total count
 G = Total turns spent on level
                    A         B        C        D         E        F      G
               +---------+---------+-------+---------+---------+-------+---------
         Total |       0 |     266 |   0.0 |       0 |      64 |   0.0 |  2411
               +---------+---------+-------+---------+---------+-------+---------
           D:1 |       0 |      71 |   0.0 |       0 |      33 |   0.0 |  1383
           D:2 |       0 |     133 |   0.0 |       0 |      15 |   0.0 |   659
           D:3 |       0 |      62 |   0.0 |       0 |      16 |   0.0 |   369
               +---------+---------+-------+---------+---------+-------+---------
